 Dungeon Crawl Stone Soup version 0.20-a0-984-ge8aa303 (webtiles) character file.

3455 Hybris the Spear-Bearer (level 10, 0/111 HPs)
             Began as an Ogre Gladiator on Apr 9, 2017.
             Was a Follower of Hepliaklqana.
             Succumbed to a worker ant's poison
             ... on level 8 of the Dungeon on Apr 10, 2017.
             The game lasted 00:26:24 (10349 turns).

Hybris the Spear-Bearer (Ogre Gladiator)           Turns: 10349, Time: 00:26:24

Health: 0/111      AC:  4    Str: 23    XL:     10   Next: 6%
Magic:  10/10      EV: 11    Int: 16    God:    Hepliaklqana [*.....]
Gold:   373        SH:  0    Dex: 15    Spells: 9/9 levels left

rFire    + . .     SeeInvis .   a - +1 trident
rCold    . . .     Gourm    .   (no shield)
rNeg     . . .     Faith    .   b - +0 robe
rPois    .         Spirit   .   c - +0 hat
rElec    .         Reflect  .   g - +0 cloak
rCorr    .         Harm     .   (gloves unavailable)
MR       +....                  (boots unavailable)
Stlth    +.........             (no amulet)
Regen    0.3/turn               r - ring of protection from fire
MPRegen  0.2/turn               s - +5 ring of dexterity

@: brilliant, lethally poisoned (0 -> -5), very slightly contaminated, hasted,
invisible, very quick
A: unfitting armour, reduced essence, hooves 1, clever 1, robust 1, tough skin
1, evolution 1
a: Recall Ancestor, Ancestor Identity, Renounce Religion


You were on level 8 of the Dungeon.
You worshipped Hepliaklqana.
Hepliaklqana was aware of your devotion.
You were not hungry.

You visited 2 branches of the dungeon, and saw 9 of its levels.
You also visited: Sewer.

You collected 373 gold pieces.

Inventory:

Hand Weapons
 a - a +1 trident (weapon)
Missiles
 d - 3 throwing nets (quivered)
 l - 8 javelins
 w - 2 tomahawks
Armour
 b - a +0 robe (worn)
 c - a +0 hat (worn)
 g - a +0 cloak (worn)
Magical Staves
 e - an uncursed staff of death
Jewellery
 r - a ring of protection from fire (left hand)
 s - a +5 ring of dexterity (right hand)
 A - an uncursed ring of magical power
 E - a cursed ring of teleportation {unknown}
Wands
 m - a wand of iceblast (0/15)
 x - a wand of random effects (0/48)
 y - a wand of random effects (8/48)
 C - a wand of random effects (32/48)
Scrolls
 h - 2 scrolls of remove curse
 k - 4 scrolls of teleportation
 n - 8 scrolls of identify
 B - a scroll of fog
Potions
 o - 2 potions of flight
 u - a potion of magic
Comestibles
 f - 2 bread rations
 j - 2 fruits
 p - 4 royal jellies
 q - 2 meat rations
 D - a chunk of flesh


   Skills:
 + Level 10.7 Fighting
 * Level 11.6 Polearms
 - Level 2.0 Throwing
 - Level 2.6 Dodging


You had 9 spell levels left.
You didn't know any spells.

Dungeon Overview and Level Annotations

Branches:
Dungeon (8/15)             Temple (1/1) D:5
   Lair: D:8-11

Altars:
Ashenzari
Cheibriados
Dithmenos
Elyvilon
Fedhas
Gozag
Hepliaklqana
Kikubaaqudgha
Makhleb
Nemelex Xobeh
Okawaru
Qazlal
Ru
Sif Muna
Trog
Vehumet
Wu Jian
Xom
Yredelemnul
Zin
The Shining One

Shops:
D:4 (

Annotations:
D:8 Grum


Innate Abilities, Weirdness & Mutations

You are too large for most types of armour.
You have tough skin. (AC +1)
Your life essence is reduced. (-10% HP)
You have large cloven feet.
Your mind is acute. (Int +2)
You are robust. (+10% HP)
You evolve.


Message History

You are lethally poisoned!
The worker ant poisons you!
It was a potion of invisibility.
You fade into invisibility!
The worker ant barely misses you.
You are very lightly contaminated with residual magic.
* * * LOW HITPOINT WARNING * * *
You feel sick.
The worker ant bites you but does no damage.
Okay, then.
Okay, then.
Okay, then.
Evoke which item? (* to show all) (? for menu, Esc to quit)
Aiming: Random Effects (will waste charges)
Press: ? - help, Shift-Dir - straight line, f - you That beam is likely to hit you.
Continue anyway?
The puff of frost hits you!
* * * LOW HITPOINT WARNING * * *
Evoking this partially-identified wand wasted a few charges.
You die...

####
#.@#
####a.#
##...###
##.....#
#......#
##.....#
.
#....##
..##
#....#
#..##
##o.##


You could see a worker ant.

Vanquished Creatures
  The ghost of Rationalist the Cleaver, a novice MiFi (D:5)
  2 hippogriffs
  Duvessa (D:4)
  A phantom (D:6)
  A black bear (D:5)
  An ogre (D:4)
  2 bullfrogs
  Dowan (D:3)
  A wyvern skeleton (D:6)
  3 scorpions
  A howler monkey (D:4)
  2 electric eels (D:7)
  4 crimson imps
  A hound (D:4)
  A jelly (D:6)
  Crazy Yiuf (D:2)
  A centaur skeleton (D:4)
  3 orc priests
  2 iguanas
  Natasha (D:2)
  9 orc wizards
  6 worker ants
  2 hound skeletons (D:5)
  15 adders
  A river rat (Sewer)
  5 oozes
  An adder skeleton (D:4)
  2 worms (D:2)
  4 dart slugs
  16 orcs
  11 bats
  8 giant cockroaches
  9 goblins
  10 hobgoblins
  A jackal (D:7)
  8 kobolds
  6 quokkas
  5 ball pythons (Sewer)
  7 frilled lizards
  A leopard gecko skeleton (D:4)
  7 rats
165 creatures vanquished.

Vanquished Creatures (collateral kills)
  2 orc warriors
  An ogre (D:7)
  3 bullfrogs
  A howler monkey (D:6)
  An electric eel (D:7)
  A bullfrog zombie (D:7)
  An orc wizard (D:6)
  A killer bee zombie (D:8)
  A hound zombie (D:8)
  An adder (D:6)
  A leopard gecko (D:6)
  2 orcs (D:6)
16 creatures vanquished.

Vanquished Creatures (others)
  2 ancestors (D:7)
2 creatures vanquished.

Grand Total: 183 creatures vanquished

Notes
Turn   | Place    | Note
-------+----------+-------------------------------------------
     0 | D:1      | Hybris the Ogre Gladiator began the quest for the Orb.
     0 | D:1      | Reached XP level 1. HP: 22/22 MP: 1/1
   235 | D:1      | Reached XP level 2. HP: 30/31 MP: 2/2
  1080 | D:2      | Reached XP level 3. HP: 29/37 MP: 3/3
  1341 | D:2      | Reached skill level 4 in Polearms
  1511 | D:2      | Found a runed door.
  1572 | D:2      | Reached XP level 4. HP: 41/48 MP: 4/4
  1959 | D:2      | Noticed Natasha
  1973 | D:2      | Gained mutation: You tend to lose your temper in combat. [potion of mutation]
  1973 | D:2      | Gained mutation: You have a pair of small horns on your head. [potion of mutation]
  1986 | D:2      | Killed Natasha
  1986 | D:2      | Reached XP level 5. HP: 17/55 MP: 5/5
  2364 | D:2      | Noticed Crazy Yiuf
  2371 | D:2      | Killed Crazy Yiuf
  2371 | D:2      | Reached skill level 5 in Polearms
  3229 | D:4      | Reached skill level 5 in Fighting
  3229 | D:4      | Reached XP level 6. HP: 61/66 MP: 6/6
  3460 | D:4      | Reached skill level 6 in Polearms
  3716 | D:4      | Noticed Duvessa
  3721 | D:4      | Reached XP level 7. HP: 47/74 MP: 7/7
  3723 | D:4      | Noticed Dowan
  3739 | D:4      | Killed Duvessa
  3752 | D:4      | Lost mutation: You tend to lose your temper in combat. [potion of mutation]
  3752 | D:4      | Lost mutation: You have a pair of small horns on your head. [potion of mutation]
  3752 | D:4      | Gained mutation: Your spells are a little easier to cast, but a little less powerful. [potion of mutation]
  3752 | D:4      | Gained mutation: You have large cloven feet. [potion of mutation]
  3752 | D:4      | Gained mutation: You evolve. [potion of mutation]
  3764 | D:4      | HP: 1/75 [Dowan/mace (6)]
  3774 | D:3      | Killed Dowan
  3774 | D:3      | Reached skill level 7 in Polearms
  4183 | D:4      | Found Vaad's Antique Weapon Shop.
  4620 | D:5      | Entered Level 5 of the Dungeon
  4748 | D:5      | Noticed Rationalist's ghost (novice MiFi)
  4770 | D:5      | Killed Rationalist's ghost
  4770 | D:5      | Reached skill level 8 in Polearms
  4770 | D:5      | Reached XP level 8. HP: 25/88 MP: 8/8
  4801 | D:5      | Gained mutation: Your mind is acute. (Int +2) [evolution]
  4953 | D:5      | Found a glowing drain.
  4981 | Sewer    | Entered a sewer
  5261 | Sewer    | Reached skill level 9 in Polearms
  5765 | D:4      | HP: 2/89 [iguana (5)]
  5771 | D:4      | HP: 2/89 [poisoned by a worker ant]
  6501 | D:5      | Found a staircase to the Ecumenical Temple.
  6730 | Temple   | Entered the Ecumenical Temple
  6908 | Temple   | Upgraded the game from 0.20-a0-972-gb9bd3e6 to 0.20-a0-984-ge8aa303
  6911 | Temple   | Became a worshipper of Hepliaklqana the Forgotten
  7231 | D:6      | Reached XP level 9. HP: 55/87 MP: 9/9
  7479 | D:6      | Reached skill level 10 in Polearms
  7794 | D:5      | Lost mutation: Your spells are a little easier to cast, but a little less powerful. [evolution]
  8394 | D:7      | Reached * piety under Hepliaklqana
  8886 | D:7      | Reached skill level 10 in Fighting
  9016 | D:7      | Reached skill level 11 in Polearms
  9152 | D:7      | HP: 2/90 [electric eel/bolt of electricity (10)]
  9861 | D:7      | Gained mutation: You are robust. (+10% HP) [evolution]
 10300 | D:8      | Reached XP level 10. HP: 72/111 MP: 10/10
 10321 | D:8      | Noticed Grum
 10346 | D:8      | HP: 4/111 [worker ant (4)]
 10349 | D:8      | HP: 1/111 [suicidal targeting (3)]
 10349 | D:8      | Succumbed to a worker ant's poison

Vault maps used:
D:1:      dpeg_arrival_short_road
D:2:      minmay_wonky_spiral, uniq_natasha, uniq_crazy_yiuf_cottage
D:3:      first_bread
D:4:      serial_shops, nicolae_shop_window_shopping, uniq_duvessa
D:5:      minmay_temple_entry_trees, gup_sewer_entry_glass, minmay_fountain_box,
          minivault_5
D:7:      statuecave_lemuel
D:8:      nicolae_ossuary_entry_monument, led_sif_book, uniq_grum, uniq_joseph
Temple:   roderic_octagonal_lattice_temple
Sewer:    sewer_co_15_rooms

Skill      XL: |  1  2  3  4  5  6  7  8  9 |
---------------+----------------------------+-----
Fighting       | 3 4 5 8 10 | 10.7
Polearms       | 4 5 6 8 9 11 | 11.6
Throwing       | |  2.0
Dodging        | |  2.6

Action                   |  1- 3 |  4- 6 |  7- 9 | 10-12 || total
-------------------------+-------+-------+-------+-------++-------
Melee: Trident           |   104 |   172 |   423 |    19 ||   718
       Headbutt          |       |    14 |       |       ||    14
       Kick              |       |       |    96 |     8 ||   104
Invok: Recall Ancestor   |       |       |     1 |       ||     1
Evoke: Wand              |       |       |    14 |     2 ||    16
  Use: Potion            |       |     3 |    11 |     3 ||    17
       Scroll            |       |       |    11 |     2 ||    13
 Stab: Sleeping          |     2 |     2 |     1 |       ||     5
  Eat: Chunk             |     2 |     7 |     9 |       ||    18
       Royal jelly       |       |       |     1 |       ||     1
       Fruit             |       |       |     2 |       ||     2
       Meat ration       |       |       |     1 |       ||     1
       Bread ration      |       |       |     1 |       ||     1
Armor: Robe              |    36 |    24 |    62 |     8 ||   130
       Skin              |       |     4 |       |       ||     4
Dodge: Dodged            |    63 |    66 |   143 |    19 ||   291
